 Dungeon Crawl Stone Soup version 0.17-a0-1181-gabc46e6 (webtiles) character file.

4793 HEYYEYAAE the Zephyrmancer (level 10, -17/74 HPs)
             Began as a Human Air Elementalist on May 31, 2015.
             Was an Initiate of Vehumet.
             Killed from afar by Nergalle (18 damage)
             ... with a bolt of negative energy
             ... on level 9 of the Dungeon.
             The game lasted 00:27:06 (9523 turns).

HEYYEYAAE the Zephyrmancer (Human Air Elementalist) Turns: 9523, Time: 00:27:06

Health: -17/74     AC: 11    Str:  8    XL:     10   Next: 76%
Magic:  20/20      EV: 23    Int: 19    God:    Vehumet [......]
Gold:   336        SH:  0    Dex: 19    Spells: 6 memorised, 6 levels left

rFire  . . .     SeeInvis .     G - +1 dagger (chaos)
rCold  . . .     Clarity  .     U - +2 robe {MR+}
rNeg   . . .     SustAt   .     (no shield)
rPois  .         Gourm    .     H - +2 helmet
rElec  .         Spirit   .     T - +0 cloak
rCorr  .         Warding  .     y - +0 pair of gloves
rMut   .         Stasis   .     i - +1 pair of boots
MR     +....                    (no amulet)
Stlth  ++........               o - ring of wizardry
                                n - +3 ring of evasion

@: confused, agile, exhausted, flying, slowed, drained, very slow, somewhat
resistant to hostile enchantments, unstealthy
A: no striking features
a: Renounce Religion


You were on level 9 of the Dungeon.
You worshipped Vehumet.
Vehumet was noncommittal.
You were very hungry.

You visited 3 branches of the dungeon, and saw 12 of its levels.

You collected 336 gold pieces.

Inventory:

Hand weapons
 d - a +0 dagger
 e - a +0 dagger of flaming
 x - a +0 spear of venom
 D - a +1 morningstar of draining
 G - a +1 dagger of chaos (weapon)
 I - a +1 whip of electrocution
 V - a +1 scimitar of flaming
 X - a +0 hand axe of chopping
Missiles
 w - 5 poisoned javelins (quivered)
Armour
 i - a +1 pair of boots (worn)
 y - a +0 pair of gloves (worn)
 H - a +2 helmet (worn)
 T - a +0 cloak (worn)
 U - a +2 robe of magic resistance (worn)
Jewellery
 n - a +3 ring of evasion (left hand)
 o - a ring of wizardry (right hand)
 t - a +3 ring of intelligence {unknown}
 z - an uncursed ring of invisibility {unknown}
 R - an uncursed ring of protection from magic {unknown}
Magical devices
 a - a wand of flame (19)
 l - a wand of frost (16)
 m - a wand of random effects (2)
 O - a wand of paralysis (0)
 Q - a wand of magic darts (27)
Scrolls
 g - 2 scrolls of fog
 h - a scroll of enchant armour
 p - 5 scrolls of magic mapping
 r - a scroll of recharging
 s - a scroll of enchant weapon
 S - a scroll of vulnerability {unknown}
 Y - a scroll of brand weapon {unknown}
Potions
 f - 2 potions of cure mutation
 j - a potion of cancellation
 u - 2 potions of poison
 A - a potion of berserk rage
 B - a potion of ambrosia
Books
 b - a book of Air

   Spells                             Type                      Level
   a - Shock                          Conjuration/Air              1
   b - Swiftness                      Charms/Air                   2
   c - Repel Missiles                 Charms/Air                   2
   d - Static Discharge               Conjuration/Air              3
   e - Lightning Bolt                 Conjuration/Air              5
 q - a book of Clouds

   Spells                             Type                      Level
   a - Mephitic Cloud                 Conjuration/Poison/Air       3
   b - Conjure Flame                  Conjuration/Fire             3
   c - Poisonous Cloud                Conjuration/Poison/Air       6
   d - Freezing Cloud                 Conjuration/Ice/Air          6
   e - Ring of Flames                 Charms/Fire                  7
 L - a book of Battle

   Spells                             Type                      Level
   a - Infusion                       Charms                       1
   b - Shroud of Golubria             Charms/Translocation         2
   c - Song of Slaying                Charms                       2
   d - Spectral Weapon                Hexes/Charms                 3
   e - Regeneration                   Charms/Necromancy            3
 P - a book of Control

   Spells                             Type                      Level
   a - Control Teleport               Charms/Translocation         4
   b - Control Undead                 Necromancy                   4
   c - Metabolic Englaciation         Hexes/Ice                    5
   d - Mass Confusion                 Hexes                        6
Comestibles
 c - 6 bread rations
 k - 8 meat rations


   Skills:
 + Level 5.2(4.3) Fighting
 + Level 5.5(4.6) Dodging
 - Level 2.0(1.2) Stealth
 * Level 7.2(6.3) Spellcasting
 * Level 7.4(6.4) Conjurations
 * Level 8.3(7.3) Air Magic


You had 6 spell levels left.
You knew the following spells:

 Your Spells              Type           Power        Failure   Level  Hunger
a - Shock                 Conj/Air       ####         1%          1    None
b - Static Discharge      Conj/Air       ####....     1%          3    ##.....
c - Lightning Bolt        Conj/Air       ####......   7%          5    #####..
d - Mephitic Cloud        Conj/Pois/Air  ###.....     2%          3    ##.....
e - Regeneration          Chrm/Necr      #.........   14%         3    ##.....
f - Shroud of Golubria    Chrm/Tloc      #.........   7%          2    None


Dungeon Overview and Level Annotations

Branches:
Dungeon (10/15)            Temple (1/1) D:7            Lair (0/8) D:9
    Orc (1/4) D:9

Altars:
Ashenzari
Cheibriados
Dithmenos
Elyvilon
Fedhas
Gozag
Kikubaaqudgha
Makhleb
Nemelex Xobeh
Okawaru
Qazlal
Sif Muna
Trog
Vehumet
Xom
Yredelemnul
Zin
The Shining One

Shops:
Orc:1 *

Annotations:
D:9 Nergalle


Message History

The spectral orc completely misses you.
The spectral orc warrior barely misses you.
Unknown command.
Nergalle's inner flame fades away.
The spectral orc is no longer moving quickly.
The spectral orc closely misses you.
Nergalle hits you with a dagger of pain.
* * * LOW HITPOINT WARNING * * *
You writhe in agony.
* * * LOW HITPOINT WARNING * * *
The spectral orc hits you with a flail.
* * * LOW HITPOINT WARNING * * *
The spectral orc closely misses you. The spectral orc barely misses you.
The spectral orc warrior hits you with a short sword.
* * * LOW HITPOINT WARNING * * *
The spectral orc closely misses you. x2
The spectral orc warrior hits you but does no damage.
Nergalle points at you and mumbles some strange words.
The bolt of negative energy hits you!
You feel drained.
You die...

.##.........## ..#
###.#####..## .# ###.#
##.# # #..# ##.# .#
#..# #..# #.# #..# #..#
#..## ##..#####..#
###....#
..........#####ZZZ.#
...........##..Z@Z.#
...............oZZ.#
.4...........#.##.....#
..........#...# ####.#
.......####...# #
......## #...# ##...##
#.#...# ##.## .###..#
##..# ...


You could see Nergalle, 5 spectral orcs and 2 spectral orc warriors.

Vanquished Creatures
  Pikel (D:8)
  A centaur zombie (D:8)
  An efreet (D:9)
  A red devil (D:9)
  A deep elf mage (D:9)
  A mottled dragon (shapeshifter) (D:7)
  A water moccasin (D:9)
  A slave (D:8)
  2 black bears
  5 ogres
  An orc warrior (D:7)
  A phantom (D:9)
  2 ice beasts (D:8)
  A sky beast (D:9)
  2 crocodiles (D:9)
  3 centaurs
  2 giant frogs
  2 big kobolds (D:9)
  A scorpion (D:4)
  A water moccasin skeleton (D:10)
  4 killer bees (D:8)
  2 jellies
  3 crimson imps
  6 hounds
  Ijyb (D:2)
  A centaur skeleton (D:8)
  4 orc wizards
  9 orc priests
  Jessica (D:2)
  A giant frog skeleton (D:9)
  2 iguanas
  3 worker ants
  A killer bee zombie (D:6)
  A hound zombie (D:5)
  A worker ant zombie (D:9)
  15 adders
  7 gnolls
  3 shadow imps
  An ooze (D:6)
  An adder skeleton (D:4)
  2 worms (D:4)
  33 orcs
  2 bat skeletons
  5 giant cockroaches
  8 goblins
  16 hobgoblins
  8 jackals
  8 quokkas
  9 bats
  3 giant geckos
  A giant gecko skeleton (D:7)
  6 giant newts
  22 kobolds
  18 rats
239 creatures vanquished.

Vanquished Creatures (others)
  A crimson imp (D:7)
  A jelly (D:6)
2 creatures vanquished.

Grand Total: 241 creatures vanquished

Notes
Turn   | Place    | Note
--------------------------------------------------------------
     0 | D:1      | HEYYEYAAE the Human Air Elementalist began the quest for the Orb.
     0 | D:1      | Reached XP level 1. HP: 13/13 MP: 3/3
   181 | D:1      | Reached XP level 2. HP: 11/19 MP: 0/5
   640 | D:1      | Reached XP level 3. HP: 24/24 MP: 4/6
   843 | D:1      | Learned a level 3 spell: Static Discharge
  1064 | D:2      | Noticed Ijyb
  1240 | D:2      | Killed Ijyb
  1240 | D:2      | Reached XP level 4. HP: 27/31 MP: 0/7
  1371 | D:2      | Reached skill level 1 in Fighting
  1645 | D:2      | Reached XP level 5. HP: 37/37 MP: 3/9
  1716 | D:2      | Found an ancient bone altar of Kikubaaqudgha.
  1737 | D:2      | Noticed Jessica
  1748 | D:2      | Killed Jessica
  1779 | D:2      | Found a glowing golden altar of the Shining One.
  1880 | D:2      | Reached skill level 4 in Air Magic
  1892 | D:2      | Reached XP level 6. HP: 24/43 MP: 0/10
  2087 | D:3      | Found a blossoming altar of Fedhas.
  2092 | D:3      | Found a glowing silver altar of Zin.
  3312 | D:4      | Learned a level 5 spell: Lightning Bolt
  3468 | D:4      | Reached XP level 7. HP: 50/50 MP: 1/12
  3655 | D:4      | Found a burning altar of Makhleb.
  4360 | D:4      | Reached skill level 5 in Air Magic
  4374 | D:5      | Entered Level 5 of the Dungeon
  4874 | D:6      | Reached XP level 8. HP: 57/57 MP: 0/14
  5419 | D:5      | Found a shimmering altar of Xom.
  6230 | D:7      | Reached skill level 5 in Spellcasting
  6230 | D:7      | Reached skill level 6 in Air Magic
  6230 | D:7      | Reached XP level 9. HP: 58/64 MP: 5/16
  6286 | D:8      | Learned a level 3 spell: Mephitic Cloud
  6302 | D:8      | Noticed a centaur zombie
  6486 | D:8      | Reached skill level 5 in Conjurations
  6577 | D:8      | Noticed Pikel
  6613 | D:8      | Killed Pikel
  6675 | D:8      | Found a stormy altar of Qazlal.
  6687 | D:8      | Found a bloodstained altar of Trog.
  7025 | D:7      | Reached skill level 7 in Air Magic
  7066 | D:7      | Found a snail-covered altar of Cheibriados.
  7147 | D:7      | Learned a level 3 spell: Regeneration
  7150 | D:7      | Learned a level 2 spell: Shroud of Golubria
  7248 | D:7      | Found a staircase to the Ecumenical Temple.
  7304 | Temple   | Entered the Ecumenical Temple
  7446 | D:7      | Found a basalt altar of Yredelemnul.
  7598 | D:7      | Reached XP level 10. HP: 53/73 MP: 5/19
  7783 | D:8      | Reached skill level 5 in Dodging
  7860 | D:8      | Killed a centaur zombie
  8138 | D:9      | Found a deep blue altar of Sif Muna.
  8152 | D:9      | Reached skill level 5 in Fighting
  8277 | D:9      | Found a radiant altar of Vehumet.
  8290 | D:9      | Became a worshipper of Vehumet
  8478 | D:10     | Entered Level 10 of the Dungeon
  8519 | D:10     | Reached skill level 8 in Air Magic
  8817 | D:9      | Found a staircase to the Orcish Mines.
  8829 | D:9      | Noticed an elephant
  9414 | D:9      | Found a staircase to the Lair.
  9447 | Orc:1    | Entered Level 1 of the Orcish Mines
  9447 | Orc:1    | Found Helepho's General Store.
  9455 | Orc:1    | Noticed Nergalle
  9521 | D:9      | HP: 1/74 [Nergalle/dagger of pain (9)]
  9523 | D:9      | Killed from afar by Nergalle

Vault maps used:
D:1:      lightli_arrival_statue_moat, kennysheep_another_room, st_stairs_13
D:2:      overflow_temple_1_default, tso_oasis_becter, cheibrodos_gnoll_hut,
          uniq_jessica, uniq_iyjb
D:3:      grunt_temple_overflow_open, first_bread, minmay_misc_feat_iff
D:4:      kennysheep_little_box
D:5:      led_xom_imps
D:6:      lemuel_coloured_pillars_altar
D:7:      kennysheep_mini_moat, lemuel_doored_altar, temple_pool_b
D:8:      lemuel_round_altar, bloody_trog, grunt_ogre_cave, uniq_pikel
D:9:      kennysheep_mini, vehumet_altar_wand_db, david_lair_generic
D:10:     uniq_erica
Temple:   circular_temple_6
Orc:1:    serial_shops, nicolae_shop_temple_entry_statues_fountains,
          nicolae_shop_waterfront, lemuel_statue_altar, uniq_nergalle

Action                   |  1- 3 |  4- 6 |  7- 9 | 10-12 || total
-------------------------+-------+-------+-------+-------++-------
Melee: Dagger            |    79 |   105 |   208 |    93 ||   485
       Spear             |       |       |   116 |       ||   116
       Hand axe          |       |       |       |    15 ||    15
       Morningstar       |       |       |       |    11 ||    11
Throw: Javelin           |       |       |     1 |       ||     1
 Cast: Shock             |    52 |   116 |   152 |    63 ||   383
       Static Discharge  |     2 |     9 |    31 |    32 ||    74
       Lightning Bolt    |       |       |     7 |     8 ||    15
Evoke: Wand              |       |       |     6 |    15 ||    21
  Use: Scroll            |     4 |     1 |     8 |     7 ||    20
       Potion            |     3 |       |     2 |     9 ||    14
 Stab: Sleeping          |       |     2 |    10 |       ||    12
       Distracted        |       |       |     2 |       ||     2
       Paralysed         |       |       |     5 |     2 ||     7
       Petrified         |       |       |     1 |       ||     1
       Confused          |       |       |     1 |       ||     1
  Eat: Chunk             |     2 |     9 |    11 |     3 ||    25
       Pizza             |       |       |     1 |       ||     1
       Meat ration       |       |       |     1 |       ||     1
       Royal jelly       |       |       |       |     2 ||     2
       Beef jerky        |       |       |       |     1 ||     1
